 Dungeon Crawl Stone Soup version 0.15-a0-1309-g3520d71 (webtiles) character file.

130 Quh the Ruinous (level 4, -7/30 HPs)
             Began as a Demonspawn Wizard on June 7, 2014.
             Killed by divine providence
             ... invoked by an orc priest
              (14 damage)
             ... on Level 4 of the Dungeon.
             The game lasted 00:20:50 (3785 turns).

Quh the Ruinous (Demonspawn Wizard)                 Turns: 3785, Time: 00:20:50

HP  -7/30        AC  2     Str  7      XL: 4   Next: 90%
MP   0/9         EV 12     Int 21      God:
Gold 99          SH  0     Dex 11      Spells:  4 memorised,  2 levels left

rFire  . . .     SeeInvis +     i - +1,+2 hand axe
rCold  . . .     Clarity  .     z - +0 robe
rNeg   . . .     rCorr    .     (no shield)
rPois  .         rRot     .     b - +0 hat
rElec  .         Spirit   +     (no cloak)
SustAb .         Warding  .     (no gloves)
rMut   .         Stasis   .     (no boots)
Gourm  .                        (no amulet)
MR     .....                    u - +0,+6 ring of slaying
                                B - ring of see invisible

@: not resistant to hostile enchantments, unstealthy
A: demonic guardian 1, magic shield
a: no special abilities


You were on level 4 of the Dungeon.
You were not hungry.

You visited 1 branch of the dungeon, and saw 4 of its levels.

You collected 99 gold pieces.

Inventory:

Hand weapons
 i - a +1,+2 hand axe (weapon)
 n - a +0,+0 dagger
Missiles
 m - 12 bolts
 s - 42 stones (quivered)
Armour
 a - a +0 robe
 b - a +0 hat (worn)
 k - a +0 robe
 x - a +0 robe
 z - a +0 robe (worn)
 A - a +0 robe
 F - a +0 buckler
Comestibles
 d - 5 bread rations
 p - 2 meat rations
Scrolls
 e - a scroll of random uselessness
 f - 7 scrolls of remove curse
 q - a scroll of enchant weapon II {unknown}
 r - 2 scrolls of recharging {unknown}
 v - 2 scrolls of teleportation
 w - a scroll of blinking {unknown}
 y - a scroll of identify
 C - a scroll of fog {unknown}
 D - a scroll of enchant weapon I {unknown}
 G - a scroll of fear {unknown}
Jewellery
 o - an uncursed ring of poison resistance
 u - a +0,+6 ring of slaying (right hand)
 B - a ring of see invisible (left hand)
 H - an uncursed amulet of inaccuracy
 I - a +3 ring of dexterity {unknown}
Potions
 g - a potion of heal wounds {unknown}
 h - 2 potions of lignification
 j - 2 potions of curing
 l - a potion of experience {unknown}
 t - a potion of confusion {unknown}
 E - 2 potions of brilliance {unknown}
Books
 c - a book of Minor Magic

   Spells                             Type                      Level
   *Magic Dart                        Conjuration                  1
   *Blink                             Translocation                2
   *Call Imp                          Summoning                    2
   *Repel Missiles                    Charms/Air                   2
   Slow                               Hexes                        2
   Conjure Flame                      Conjuration/Fire             3
   Mephitic Cloud                     Conjuration/Poison/Air       3


   Skills:
 - Level 1.7 Dodging
 - Level 1.7 Stealth
 * Level 3.4 Spellcasting
 * Level 3.6 Conjurations
 + Level 2.0 Summonings
 + Level 1.3 Translocations
 * Level 0.3 Air Magic


You had 2 spell levels left.
You knew the following spells:

 Your Spells              Type           Power        Failure   Level  Hunger
a - Magic Dart            Conj           ###.         3%          1    None
b - Blink                 Tloc           N/A          12%         2    ##.....
c - Call Imp              Summ           ##......     12%         2    ##.....
d - Repel Missiles        Chrm/Air       #.....       17%         2    ##.....


Dungeon Overview and Level Annotations

Branches:
Dungeon (4/15)
 Temple: D:4-7

Altars:
Okawaru
Trog


Innate Abilities, Weirdness & Mutations

A weak demonic guardian rushes to your aid.
When hurt, damage is shared between your health and your magic reserves.


Message History

* * * LOW HITPOINT WARNING * * *
Your white imp closely misses the orc priest.
Things that are here:
a club; a leather armour
Things that are here:
a flail; an orc corpse Your shadow imp hits the orc priest.
Your shadow imp hits the orc priest but does no damage.
Your shadow imp hits the orc priest but does no damage.
Your white imp disappears in a puff of smoke!
Casting: Call Imp
Confirm with . or Enter, or press ? or * to list all spells.
Aiming: Magic Dart
Press: ? - help, Shift-Dir - straight line, f/p - orc priest
Aim: an orc priest, wielding a war axe and wearing a scale mail (severely wounded)
The magic dart hits the orc priest.
The orc priest is severely wounded.
The orc priest mumbles some strange prayers to Beogh against you.
Something smites you!
You die...

....# #.# #.# ##.....
....# #.# #.########.....
....# #.# #.........<..##
....##### #.#
##########.....
...5....### #.# #####...##
..?.......###.# #.......#
.######5#.##..# #.####..#
. #.#)##)###########.#
#..#
...####.#.##^o..@........#
#....
.......)#.##5.############
#.## ...#...ยง).....# .#
#.#..#.##..# .#
#.#..#.##..# # #..#.##..#
#..#.##..# #........#
#.#...#..#


You could see an orc priest and a friendly shadow imp.

Vanquished Creatures
  A worker ant (D:3)
  Jessica (D:2)
  2 adders
  3 worms
  3 giant geckos
  2 orcs
  3 ball pythons
  5 bats
  4 giant cockroaches
  9 goblins
  4 hobgoblins
  5 quokkas
  A giant newt (D:1)
  7 kobolds
  4 rats
54 creatures vanquished.

Vanquished Creatures (collateral kills)
  An orc (D:4)
  A kobold (D:3)
2 creatures vanquished.

Vanquished Creatures (others)
  A crimson imp (D:3)
  A white imp (D:4)
2 creatures vanquished.

Grand Total: 58 creatures vanquished

Notes
Turn   | Place    | Note
--------------------------------------------------------------
     0 | D:1      | Quh, the Demonspawn Wizard, began the quest for the Orb.
     0 | D:1      | Reached XP level 1. HP: 13/13 MP: 4/4
   599 | D:1      | Gained mutation: When hurt, damage is shared between your health and your magic reserves. [demonic ancestry]
   599 | D:1      | Reached XP level 2. HP: 19/19 MP: 0/6
   912 | D:2      | Learned a level 2 spell: Blink
   915 | D:2      | Learned a level 2 spell: Call Imp
   969 | D:2      | Learned a level 2 spell: Repel Missiles
  1310 | D:2      | Reached skill level 1 in Translocations
  1310 | D:2      | Gained mutation: A weak demonic guardian rushes to your aid. [demonic ancestry]
  1310 | D:2      | Reached XP level 3. HP: 24/24 MP: 0/7
  1826 | D:2      | Noticed Jessica
  1833 | D:2      | Killed Jessica
  1835 | D:2      | Found an iron altar of Okawaru.
  1835 | D:2      | Found a bloodstained altar of Trog.
  2277 | D:3      | Reached XP level 4. HP: 30/30 MP: 5/9
  3785 | D:4      | Killed from afar by an orc priest

Action                   |  1- 3 |  4- 6 || total
-------------------------+-------+-------++-------
Melee: Dagger            |    13 |       ||    13
       Hand axe          |     3 |    12 ||    15
 Cast: Magic Dart        |    68 |    57 ||   125
       Call Imp          |       |     9 ||     9
       Blink             |       |     1 ||     1
  Use: Scroll            |     6 |     1 ||     7
